 Dungeon Crawl Stone Soup version 0.19.5 (webtiles) character file.

22723 Jerry the Grappler (level 13, -4/92 HPs)
             Began as an Octopode Fighter on Apr 19, 2017.
             Was an Initiate of Gozag.
             Slain by NullDivider's ghost (15 damage)
             ... on level 10 of the Dungeon on Apr 20, 2017.
             The game lasted 01:27:37 (24343 turns).

Jerry the Grappler (Octopode Fighter)              Turns: 24343, Time: 01:27:37

Health: -4/92      AC:  1    Str: 21    XL:     13   Next: 2%
Magic:  20/20      EV: 18    Int: 14    God:    Gozag
Gold:   1065       SH:  5    Dex: 12    Spells: 0 memorised, 12 levels left

rFire  . . .     SeeInvis .       - Unarmed
rCold  . . .     Gourm    .     p - +0 buckler
rNeg   . . .     Faith    .     (helmet restricted)
rPois  +         Spirit   .     P - amulet of magic regeneration
rElec  .         Reflect  .     t - ring of poison resistance
rCorr  +         Harm     .     l - ring of resist corrosion
MR     .....                    M - ring of magical power
Stlth  ++++++....               (no ring)
                                (no ring)
                                (no ring)
                                (no ring)
                                (no ring)

@: mighty
A: almost no armour, stealthy swim, amphibious, 8 rings, constrict 8, camouflage
1, low mp 1, mutation resistance 1, gelatinous body 1
a: Potion Petition, Call Merchant, Bribe Branch, Renounce Religion


You were on level 10 of the Dungeon.
You worshipped Gozag.
Gozag was most pleased with you.
You were not hungry.

You visited 3 branches of the dungeon, and saw 15 of its levels.
You also visited: Sewer.

You collected 2673 gold pieces.
You paid 1608 gold pieces to Gozag.

Inventory:

Hand Weapons
 s - a +1 blowgun
Missiles
 w - 65 poisoned needles
 A - 5 needles of confusion
Armour
 p - a +0 buckler (worn)
Jewellery
 l - a ring of resist corrosion (right tentacle)
 o - an uncursed ring of fire
 t - a ring of poison resistance (left tentacle)
 M - a ring of magical power (on tentacle)
 P - an amulet of magic regeneration (around mantle)
Wands
 a - a wand of random effects (25/48)
 c - a wand of slowing (16/48)
 n - a wand of digging (10/24)
 r - a wand of heal wounds (0/9)
 u - a wand of iceblast (11/15)
 x - a wand of lightning (6/15)
 y - a wand of digging (9/24)
 G - a wand of lightning (9/15)
 J - a wand of digging (6/24)
 K - a wand of flame (18/48)
 L - a wand of random effects (19/48)
 Q - a wand of lightning (8/15)
 S - a wand of paralysis (5/24)
Scrolls
 d - a scroll of identify
 e - a scroll of fog
 i - 2 scrolls of fear
 j - a scroll of enchant weapon
 m - 7 scrolls of remove curse
 E - a scroll of blinking
 O - a scroll of recharging
 R - 2 scrolls of immolation
 T - a scroll of magic mapping
 U - a scroll of enchant armour {unknown}
Potions
 b - 6 potions of flight
 g - 9 potions of curing
 h - 2 potions of heal wounds
 k - a potion of cancellation
 z - 2 potions of magic
 B - a potion of invisibility
 D - 2 potions of brilliance
 F - 2 potions of haste
 H - a potion of ambrosia {unknown}
 I - 2 potions of agility {unknown}
 N - 2 potions of resistance {unknown}
Comestibles
 q - 2 meat rations
 C - 6 fruits


   Skills:
 + Level 10.0 Fighting
 + Level 9.4 Dodging
 + Level 12.2 Stealth
 + Level 6.6 Shields
 * Level 13.2 Unarmed Combat


You had 12 spell levels left.
You didn't know any spells.

Dungeon Overview and Level Annotations

Branches:
Dungeon (10/15)            Temple (1/1) D:5            Lair (4/6) D:8
 Shoals (0/4) Lair:4        Snake (0/4) Lair:2          Orc (0/2) D:9

Altars:
Ashenzari
Cheibriados
Dithmenos
Elyvilon
Fedhas
Gozag
Hepliaklqana
Kikubaaqudgha
Makhleb
Nemelex Xobeh
Okawaru
Qazlal
Ru
Sif Muna
Trog
Uskayaw
Vehumet
Xom
Yredelemnul
Zin
The Shining One

Shops:
D:5 (   D:8 %   Lair:1 =

Annotations:
D:10 NullDivider's ghost, novice FeMo
Lair:1 exclusion: oklob plant


Innate Abilities, Weirdness & Mutations

You cannot wear most types of armour.
You are very stealthy in the water. (Stealth+)
You are amphibious.
You can wear up to eight rings at the same time.
You can use your tentacles to constrict eight enemies at once.
Your skin changes colour to match your surroundings (Stealth+).
Your rubbery body absorbs attacks. (AC +1, EV +1)
Your magical capacity is low. (-10% MP)
You are somewhat resistant to further mutation.


Message History

You block NullDivider's ghost's attack.
You completely miss NullDivider's ghost.
Your squeeze misses NullDivider's ghost.
NullDivider's ghost hits you!
You barely miss NullDivider's ghost. NullDivider's ghost hits you!!
* * * LOW HITPOINT WARNING * * *
You miss NullDivider's ghost. NullDivider's ghost closely misses you.
Evoke which item? (* to show all) (? for menu, Esc to quit)
Zapping:
r - a wand of heal wounds (1/9)
Press: ? - help, Shift-Dir - straight line, f - you You feel much better.
This wand has 0 charges left.
NullDivider's ghost hits you!
* * * LOW HITPOINT WARNING * * *
NullDivider's ghost hits you!
* * * LOW HITPOINT WARNING * * *
A bullfrog comes into view.
You block NullDivider's ghost's attack. NullDivider's ghost hits you!
You die...
Your body crumbles into a pile of gold.

## ## ### #.### .# #...#####..#
.###.## #..........####### ..#..
#................######..#
#......<........@W....#..#### #
#...........................####.
#................................
#.#........F.....................
. ##.............................
#.............................
##...........................#
#..................[....#...#
..................$.##.....


You could see a bullfrog (wandering) and NullDivider's ghost.

Vanquished Creatures
  Erica (D:8)
  A death yak (Lair:4)
  Sonja (Lair:1)
  Pikel (D:8)
  An oklob plant (Lair:1)
  5 elephants (Lair:2)
  2 black mambas
  7 spiny frogs
  3 komodo dragons
  A kobold demonologist (D:8)
  2 rime drakes
  A polar bear (Lair:1)
  7 blink frogs
  A hippogriff (D:6)
  Sigmund (D:4)
  2 wraiths
  14 yaks
  A human (D:9)
  A basilisk (Lair:3)
  A steam dragon (D:10)
  A naga (Lair:2)
  A warg (D:9)
  A soldier ant (D:10)
  10 porcupines
  11 water moccasins
  4 orc warriors
  The ghost of Dadi the Sneak, an amateur SpEn (Sewer)
  A sky beast (D:9)
  4 ice beasts
  4 phantoms
  A black bear (D:8)
  6 ogres
  4 wolves (Lair:2)
  A necrophage (D:9)
  3 centaurs
  9 crocodiles
  17 big kobolds
  6 bullfrogs
  A water moccasin zombie (D:6)
  2 wyvern skeletons
  2 scorpions (D:5)
  A water moccasin skeleton (D:8)
  11 killer bees
  2 howler monkeys
  10 crimson imps
  2 hounds
  A quasit (D:6)
  The ghost of nano the Sneak, a weakling SpEn of Elyvilon (D:6)
  A jelly (D:9)
  10 orc priests
  A bullfrog skeleton (D:7)
  5 iguanas
  Terence (D:3)
  4 orc wizards
  6 worker ants
  A hound zombie (D:5)
  A hound skeleton (D:6)
  A worker ant zombie (D:8)
  A howler monkey zombie (D:4)
  4 gnolls
  A howler monkey skeleton (D:4)
  6 adders
  4 river rats (Sewer)
  A shadow imp (D:8)
  4 oozes
  An adder zombie (D:7)
  An adder skeleton (D:6)
  2 worms (D:2)
  A dart slug (D:3)
  6 leopard geckos
  36 orcs
  9 giant cockroaches
  8 goblins
  7 hobgoblins
  5 jackals
  2 quokkas
  10 ball pythons
  8 bats
  7 frilled lizards
  32 kobolds
  A quokka zombie (D:9)
  24 rats
384 creatures vanquished.

Vanquished Creatures (others)
  2 slaves
  A black bear (D:8)
  A worker ant (D:10)
  An orc (D:8)
  A fungus (Lair:1)
  5 plants (Lair:4)
11 creatures vanquished.

Grand Total: 395 creatures vanquished

Notes
Turn   | Place    | Note
-------+----------+-------------------------------------------
     0 | D:1      | Jerry the Octopode Fighter began the quest for the Orb.
     0 | D:1      | Reached XP level 1. HP: 16/16 MP: 1/1
   115 | D:1      | Reached XP level 2. HP: 21/21 MP: 2/2
   633 | D:1      | Reached XP level 3. HP: 23/26 MP: 3/3
   923 | D:1      | Reached skill level 3 in Unarmed Combat
   923 | D:1      | Reached XP level 4. HP: 16/32 MP: 4/4
  1265 | D:2      | Found a faded altar of an unknown god.
  1388 | D:2      | Found a sparkling altar of Nemelex Xobeh.
  2232 | D:3      | Noticed Terence
  2244 | D:3      | Killed Terence
  2244 | D:3      | Reached XP level 5. HP: 29/37 MP: 5/5
  2385 | D:3      | Reached skill level 4 in Unarmed Combat
  2552 | D:3      | Found a shattered altar of Ashenzari.
  3363 | D:4      | Reached XP level 6. HP: 33/43 MP: 6/6
  3429 | D:4      | Noticed a phantom
  3762 | D:4      | Noticed Sigmund
  3860 | D:4      | Found a glowing drain.
  3886 | Sewer    | Entered a sewer
  3886 | Sewer    | Noticed Dadi's ghost (amateur SpEn)
  3897 | Sewer    | Killed Dadi's ghost
  3897 | Sewer    | Reached skill level 5 in Unarmed Combat
  4364 | Sewer    | Reached skill level 1 in Stealth
  4479 | Sewer    | Reached XP level 7. HP: 27/49 MP: 7/7
  4850 | Sewer    | Reached skill level 5 in Fighting
  5604 | D:4      | Killed Sigmund
  5604 | D:4      | Reached skill level 6 in Unarmed Combat
  5721 | D:4      | Reached XP level 8. HP: 37/56 MP: 8/8
  6126 | D:4      | Gained mutation: Your magical capacity is low. (-10% MP) [potion of mutation]
  6126 | D:4      | Gained mutation: You are somewhat resistant to further mutation. [potion of mutation]
  6147 | D:5      | Entered Level 5 of the Dungeon
  6372 | D:5      | Found Omack's Antique Weapon Shoppe.
  6430 | D:5      | Found a staircase to the Ecumenical Temple.
  7320 | D:6      | Reached skill level 7 in Unarmed Combat
  7584 | Temple   | Entered the Ecumenical Temple
  7944 | D:6      | Reached skill level 5 in Stealth
  8016 | Temple   | Became a worshipper of Gozag Ym Sagoz the Greedy
  8090 | D:6      | Found a glowing golden altar of the Shining One.
  8108 | D:6      | Noticed nano's ghost (weakling SpEn)
  8124 | D:6      | Killed nano's ghost
  8680 | D:7      | Noticed a hippogriff
  8776 | D:6      | Killed a hippogriff
  8776 | D:6      | Reached skill level 5 in Dodging
  8776 | D:6      | Reached XP level 9. HP: 62/62 MP: 8/8
  8943 | D:7      | Reached skill level 8 in Unarmed Combat
 10675 | D:8      | Noticed Pikel
 10712 | D:8      | Reached skill level 9 in Unarmed Combat
 10849 | D:8      | Killed Pikel
 10849 | D:8      | Reached XP level 10. HP: 71/71 MP: 9/9
 11030 | D:8      | Found a staircase to the Lair.
 11485 | D:8      | Noticed Erica
 11615 | D:8      | Killed Erica
 11615 | D:8      | Reached skill level 10 in Unarmed Combat
 12926 | D:9      | Found a staircase to the Orcish Mines.
 13646 | D:9      | Reached XP level 11. HP: 76/77 MP: 9/9
 13885 | D:8      | Reached skill level 11 in Unarmed Combat
 14277 | D:9      | Reached skill level 10 in Stealth
 14760 | Lair:1   | Entered Level 1 of the Lair of Beasts
 14760 | Lair:1   | Found an opulent altar of Gozag.
 14760 | Lair:1   | Noticed an oklob plant
 14765 | Lair:1   | Noticed Sonja
 14777 | Lair:1   | Killed Sonja
 14794 | Lair:1   | Killed an oklob plant
 14855 | Lair:1   | Found a sacrificial altar of Ru.
 15024 | Lair:1   | Noticed an oklob plant
 15923 | Lair:1   | Reached skill level 5 in Shields
 16238 | Lair:2   | Found a staircase to the Snake Pit.
 16689 | Lair:2   | Reached skill level 12 in Unarmed Combat
 17283 | Lair:2   | Reached XP level 12. HP: 64/85 MP: 10/10
 22110 | Lair:4   | Found a staircase to the Shoals.
 22159 | Lair:4   | Reached skill level 13 in Unarmed Combat
 23391 | Lair:4   | Noticed a death yak
 23391 | Lair:4   | Noticed a death yak
 23391 | Lair:4   | Noticed a death yak
 23411 | Lair:4   | Noticed a death yak
 23445 | Lair:4   | Killed a death yak
 23445 | Lair:4   | Reached skill level 10 in Fighting
 23780 | D:10     | Entered Level 10 of the Dungeon
 23929 | D:10     | Reached XP level 13. HP: 69/92 MP: 11/11
 24314 | D:10     | Noticed NullDivider's ghost (novice FeMo)
 24343 | D:10     | Slain by NullDivider's ghost

Skill      XL: |  1  2  3  4  5  6  7  8  9 10 11 12 |
---------------+-------------------------------------+-----
Unarmed Combat | 3 4 5 6 7 9 10 12 13 | 13.2
Fighting       | 4 5 6 7 8 9 10 | 10.0
Shields        | 4 5 6 |  6.6
Stealth        | 1 3 5 8 9 11 12 | 12.2
Dodging        | 5 6 7 8 9 |  9.4

Action                   |  1- 3 |  4- 6 |  7- 9 | 10-12 | 13-15 || total
-------------------------+-------+-------+-------+-------+-------++-------
Melee: Unarmed           |    49 |   233 |   286 |   679 |    29 ||  1276
       Tentacles         |    12 |    42 |    59 |   138 |     2 ||   253
       Constrict         |    10 |    56 |    45 |    75 |     2 ||   188
       Punch             |       |     7 |    19 |    62 |     2 ||    90
 Fire: Blowgun           |       |       |    60 |   130 |       ||   190
Invok: Call Merchant     |       |       |       |     2 |       ||     2
Evoke: Wand              |       |       |     1 |     5 |     1 ||     7
  Use: Potion            |       |     2 |     8 |    10 |     1 ||    21
       Scroll            |       |       |    18 |     6 |     2 ||    26
 Stab: Sleeping          |     3 |    14 |    15 |    26 |       ||    58
       Distracted        |       |       |       |     4 |     1 ||     5
       Confused          |       |       |       |     1 |       ||     1
  Eat: Chunk             |       |    11 |     9 |       |       ||    20
       Bread ration      |       |       |     2 |     4 |       ||     6
       Beef jerky        |       |       |     1 |     1 |       ||     2
       Meat ration       |       |       |       |     4 |     1 ||     5
       Royal jelly       |       |       |       |     1 |       ||     1
Armor: Skin              |     3 |    14 |    15 |    24 |       ||    56
Dodge: Dodged            |    20 |   140 |   139 |   312 |     9 ||   620
Block: Shield            |    18 |     1 |       |       |       ||    19
       Buckler           |       |    11 |    44 |   115 |     6 ||   176
